 Dungeon Crawl Stone Soup version 0.22.1-2-g9c5b331 (webtiles) character file.

161598 shakethe the Severer (level 18, -3/144 HPs)
             Began as a Formicid Fighter on Nov 19, 2018.
             Was a High Priest of Okawaru.
             Slain by the 27-headed Lernaean hydra (8 damage)
             ... on level 4 of the Swamp.
             The game lasted 01:47:50 (35567 turns).

shakethe the Severer (Formicid Fighter)            Turns: 35567, Time: 01:47:51

Health: -3/144     AC: 19    Str: 23    XL:     18   Next: 42%
Magic:  20/24      EV: 21    Int: 18    God:    Okawaru [*****.]
Gold:   1070       SH: 19    Dex: 15    Spells: 11/24 levels left

rFire    . . .     SeeInvis +   a - +7 executioner's axe of Zuawuf {flame, rF+ Int+4}
rCold    + + .     Gourm    .   y - +2 shield {rN+}
rNeg     + . .     Faith    .   U - +0 ice dragon scales
rPois    +         Spirit   .   (helmet unavailable)
rElec    .         Reflect  +   H - +0 cloak {rPois}
rCorr    .         Harm     .   (no gloves)
MR       +++..                  D - +2 pair of boots
Stlth    +.........             l - +5 amulet of reflection
HPRegen  0.34/turn              K - ring of protection from magic
MPRegen  0.19/turn              x - ring of protection from magic

@: agile, finesse
A: permanent stasis, dig shafts and tunnels, four strong arms, antennae 3
a: Dig, Shaft Self, Heroism, Finesse, Renounce Religion


You were on level 4 of the Swamp.
You worshipped Okawaru.
Okawaru was extremely pleased with you.
You were very hungry.

You visited 4 branches of the dungeon, and saw 27 of its levels.
You visited 1 bazaar.
You also visited: Labyrinth and Ice Cave.

You collected 3094 gold pieces.
You spent 2024 gold pieces at shops.

Inventory:

Hand Weapons
 a - the +7 executioner's axe of Zuawuf (weapon) {flame, rF+ Int+4}
   (Okawaru gifted it to you on level 11 of the Dungeon)

   It has been specially enchanted to burn those struck by it, causing extra
   injury to most foes and up to half again as much damage against particularly
   susceptible opponents.
   Big, fiery blades are also staple armaments of hydra-hunters.
   It affects your intelligence (+4).
   It protects you from fire.
 b - a +1 arbalest of freezing
Missiles
 t - 221 bolts (quivered)
Armour
 c - a scarf of spirit shield
 j - a +0 crystal plate armour
 y - a +2 shield of positive energy (worn)
 D - a +2 pair of boots (worn)
 H - a +0 cloak of poison resistance (worn)
 P - a +1 cloak of invisibility
 U - +0 ice dragon scales (worn)
Jewellery
 l - a +5 amulet of reflection (around neck)
 q - an uncursed ring of wizardry
 u - a +2 ring of protection {unknown}
 x - a ring of protection from magic (right hand)
 K - a ring of protection from magic (left hand)
 L - an uncursed ring of protection from fire {unknown}
Wands
 d - a wand of polymorph (8)
 w - a wand of paralysis (23)
 E - a wand of digging (50)
Scrolls
 e - 4 scrolls of fear
 k - a scroll of holy word
 m - 9 scrolls of amnesia
 s - a scroll of brand weapon
 v - 15 scrolls of remove curse
 F - 3 scrolls of enchant armour
 G - a scroll of summoning
 I - 2 scrolls of vulnerability
 N - a scroll of identify
 O - a scroll of enchant weapon
 Q - a scroll of immolation
 S - a scroll of torment
 W - 3 scrolls of fog
Potions
 g - 3 potions of might
 i - 3 potions of lignification
 n - 5 potions of mutation
 o - 7 potions of flight
 p - 2 potions of cancellation
 r - a potion of resistance
 z - a potion of agility
 A - 2 potions of magic
 B - 2 potions of heal wounds
 C - 5 potions of brilliance
 M - 3 potions of ambrosia
 R - a potion of experience {unknown}
 T - 8 potions of curing
Miscellaneous
 h - a fan of gales
 J - a phantom mirror
Comestibles
 f - 28 rations


   Skills:
 + Level 13.6 Fighting
 * Level 18.7 Axes
 + Level 7.8 Crossbows
 + Level 13.6 Armour
 + Level 10.3 Dodging
 - Level 9.0 Shields
 + Level 3.8 Spellcasting
 + Level 4.7 Hexes
 + Level 2.9 Translocations
 - Level 9.0 Invocations


You had 11 spell levels left.
You knew the following spells:

 Your Spells              Type           Power        Failure   Level  Hunger
a - Slow                  Hex            ###.....     8%          2    ##.....
b - Portal Projectile     Hex/Tloc       ###...       22%         3    ###....
c - Tukima's Dance        Hex            ###.....     16%         3    ###....
d - Bolt of Magma         Conj/Fire/Erth #.........   100%        5    ######.

Your spell library contained the following spells:

 Spells                   Type           Power        Failure   Level  Hunger
 Corona                   Hex            ###....      4%          1    None
 Confuse                  Hex            ###.....     16%         3    ###....
 Ensorcelled Hibernation  Hex/Ice        ##....       21%         2    ##.....
 Magic Dart               Conj           #...         34%         1    None
 Sting                    Conj/Pois      #...         34%         1    None
 Dazzling Spray           Conj/Hex       ##....       36%         3    ###....
 Inner Flame              Hex/Fire       ##......     36%         3    ###....
 Call Imp                 Summ           #.......     45%         2    ##.....
 Poisonous Vapours        Pois/Air       #.....       45%         2    ##.....
 Searing Ray              Conj           #.....       45%         2    ##.....
 Cause Fear               Hex            ###.......   45%         4    ####...
 Conjure Flame            Conj/Fire      #.......     71%         3    ###....
 Mephitic Cloud           Conj/Pois/Air  #.......     71%         3    ###....
 Static Discharge         Conj/Air       #.......     71%         3    ###....
 Fulminant Prism          Conj/Hex       ##........   78%         4    ####...
 Leda's Liquefaction      Hex/Erth       ##........   78%         4    ####...
 Force Lance              Conj/Tloc      #.......     88%         4    ####...
 Iskenderun's Mystic Bla  Conj           #.......     98%         4    ####...
 Olgreb's Toxic Radiance  Pois           #.......     98%         4    ####...
 Lightning Bolt           Conj/Air       #.........   100%        5    ######.
 Venom Bolt               Conj/Pois      #.........   100%        5    ######.
 Freezing Cloud           Conj/Ice/Air   #.........   100%        6    #######
 Iron Shot                Conj/Erth      #.........   100%        6    #######
 Statue Form              Tmut/Erth      #........    100%        6    #######
 Ring of Flames           Chrm/Fire      #.........   100%        7    #######
 Ignition                 Fire           #.........   100%        8    #######
 Shatter                  Erth           #.........   100%        9    #######
 Tornado                  Air            #.........   100%        9    #######
 Blink                    Tloc           Unusable     N/A         2    N/A

Dungeon Overview and Level Annotations

Branches:
Dungeon (15/15)            Temple (0/1) D:7            Lair (6/6) D:10
  Swamp (4/4) Lair:2        Snake (0/4) Lair:3        Slime (0/5) Lair:5
    Orc (2/2) D:11            Elf (0/3) Orc:2        Vaults (0/5) D:13
 Depths (0/5) D:15

Altars:
Ashenzari
Cheibriados
Dithmenos
Elyvilon
Gozag
Kikubaaqudgha
Nemelex Xobeh
Okawaru
Trog
Vehumet
Xom
Yredelemnul
Zin
The Shining One
Beogh
Lugonu

Shops:
D:9 :   Orc:2 *%(*

Annotations:
Swamp:2 2 transporters, nightchill's ghost, journeyman GrEE
Swamp:3 exclusion: Roxanne, Roxanne
Swamp:4 Lernaean hydra


Innate Abilities, Weirdness & Mutations

You cannot be hasted, slowed, berserked, paralysed or teleported.
You can dig through walls and to a lower floor.
Your four strong arms can wield two-handed weapons with a shield.
You have a pair of large antennae on your head. (SInv)


Message History

You block the 27-headed Lernaean hydra's attack.
The 27-headed Lernaean hydra completely misses you.
The 27-headed Lernaean hydra bites you.
* * * LOW HITPOINT WARNING * * *
You block the 27-headed Lernaean hydra's attack.
The 27-headed Lernaean hydra bites you.
* * * LOW HITPOINT WARNING * * *
The 27-headed Lernaean hydra closely misses you.
The 27-headed Lernaean hydra bites you but does no damage.
The 27-headed Lernaean hydra bites you.
* * * LOW HITPOINT WARNING * * *
The 27-headed Lernaean hydra bites you.
* * * LOW HITPOINT WARNING * * *
The 27-headed Lernaean hydra bites you!
* * * LOW HITPOINT WARNING * * *
The 27-headed Lernaean hydra bites you but does no damage.
The 27-headed Lernaean hydra bites you.
* * * LOW HITPOINT WARNING * * *
The 27-headed Lernaean hydra bites you!
You die...

.....≈ ♣♣.#≈≈ ♣ ....♣♣♣♣♣♣.≈
#### ≈.♣♣ ♣..≈≈.≈≈≈♣§.
####≈≈#####≈.♣♣♣..≈≈≈≈≈..≈♣♣
≈#≈≈≈≈≈#≈####.≈§..≈≈≈≈≈≈≈≈≈♣♣≈
..≈≈.##.≈≈#†.§§§....≈≈≈.≈≈≈≈≈♣
.≈†..≈......k§DD@..≈§≈≈.≈≈≈≈.♣♣
.≈≈[#≈≈§#.##≈§§♣♣≈≈≈≈≈≈≈≈≈≈≈≈≈.
###.≈≈########.♣♣♣≈.≈≈≈≈≈≈♣≈≈≈≈
≈≈≈.### #≈.♣♣≈≈..††≈≈≈≈≈≈≈≈≈
≈.≈.# #≈.♣♣≈§.....≈≈≈≈≈≈≈≈≈
≈#≈≈≈ #♣♣ ♣.≈≈≈.†.♣<≈≈≈..≈≈
#≈#≈# ♣≈#....).♣♣≈.≈♣♣.≈≈ ≈.#.#
♣≈≈.♣.#..≈♣♣♣♣♣ ≈§≈.≈
♣♣≈#≈♣....≈♣♣ ♣♣♣


You could see the 27-headed Lernaean hydra, an eight-headed hydra and a swamp
drake.

Vanquished Creatures
  A tentacled monstrosity (Swamp:3)
  A thorn hunter (Swamp:3)
  A frost giant (IceCv)
  An orc warlord (Orc:1)
  A very ugly thing (D:14)
  A dire elephant (D:15)
  A minotaur (Lab)
  4 ogre magi (Orc:2)
  An ice dragon (D:15)
  Erolcha (D:10)
  2 vault guards (D:13)
  2 centaur warriors
  A catoblepas (D:11)
  23 hydras
  16 alligators
  15 two-headed ogres
  A ghost crab (Swamp:3)
  2 tengu warriors
  A spriggan (Swamp:1)
  Sonja (Orc:1)
  5 skeletal warriors (D:13)
  2 wizards (D:13)
  9 swamp dragons
  A spriggan druid (Swamp:2)
  An unseen horror (D:15)
  3 orc knights
  2 lindwurms
  3 shambling mangroves
  Pikel (D:4)
  2 wolf spiders
  A necromancer (D:13)
  3 orc sorcerers
  9 ugly things
  A deep elf mage (D:15)
  3 cyclopes
  3 manticores
  12 elephants
  14 black mambas
  3 guardian serpents
  2 ice statues (IceCv)
  23 spiny frogs
  3 centaur zombies
  A gargoyle (D:11)
  2 rime drakes
  6 kobold demonologists
  4 efreet
  8 komodo dragons
  2 tengu conjurers
  A meliai (D:8)
  2 trolls
  19 polar bears
  11 tyrant leeches
  9 hornets
  8 hippogriffs
  9 bog bodies
  25 blink frogs
  4 dream sheep (Lair:6)
  20 slime creatures
  A vampire (D:9)
  3 shadows
  66 yaks
  16 wyverns
  3 redbacks (Lair:6)
  4 basilisks
  3 wraiths
  20 humans (D:13)
  A steam dragon (D:12)
  6 hungry ghosts
  15 vampire mosquitoes
  10 swamp worms
  2 nagas (Lair:3)
  3 wargs
  4 insubstantial wisps (Swamp:3)
  14 water moccasins
  7 porcupines
  2 slaves
  26 orc warriors
  An ice beast (D:9)
  3 black bears
  11 swamp drakes
  3 phantoms
  3 sky beasts
  27 ogres
  26 wolves
  3 necrophages
  10 centaurs
  13 crocodiles
  2 big kobolds
  A gnoll sergeant (Orc:2)
  16 bullfrogs
  An elf skeleton (D:7)
  4 scorpions
  A wyvern skeleton (D:14)
  A troll zombie (D:11)
  A troll skeleton (D:7)
  13 killer bees
  6 wights
  An electric eel (Lair:2)
  7 howler monkeys
  6 crimson imps
  5 bullfrog zombies
  6 hounds
  A quasit (D:11)
  2 bullfrog skeletons
  6 jellies
  A human zombie (D:7)
  17 orc priests
  7 centaur skeletons
  A human skeleton (D:7)
  Jessica (D:2)
  An iguana (D:12)
  28 orc wizards
  10 worker ants
  A killer bee zombie (D:8)
  8 ogre zombies
  A hound zombie (D:11)
  2 hound skeletons
  A howler monkey zombie (D:11)
  3 mummies (D:7)
  6 adders
  5 gnolls (Orc:2)
  2 howler monkey skeletons
  A river rat (D:5)
  3 shadow imps
  2 adder zombies
  5 worms
  3 dart slugs
  6 leopard geckos
  69 orcs
  7 bats
  10 giant cockroaches
  5 goblins
  8 hobgoblins
  16 jackals
  22 kobolds
  8 quokkas
  5 ball pythons
  3 frilled lizards
  A goblin skeleton (D:11)
  7 goblin zombies (D:11)
  2 hobgoblin skeletons (D:11)
  3 hobgoblin zombies (D:11)
  A jackal skeleton (D:6)
  A leopard gecko skeleton (D:4)
  2 orc skeletons (D:11)
  11 orc zombies
  5 rats
  4 fungi
  10 plants
1015 creatures vanquished.

Vanquished Creatures (others)
  An ogre mage (D:14)
  A two-headed ogre (D:14)
  An ugly thing (D:15)
  2 cyclopes (D:15)
  2 vampire mosquitoes (D:14)
  A swamp worm (Swamp:1)
  A swamp drake (Swamp:3)
  An ogre (D:14)
  3 centaurs
  An iguana (D:14)
  An orc (Orc:1)
  A kobold (D:13)
  7 fungi
  4 plants
27 creatures vanquished.

Grand Total: 1042 creatures vanquished

Notes
Turn   | Place    | Note
-------+----------+-------------------------------------------
     0 | D:1      | shakethe the Formicid Fighter began the quest for the Orb.
     0 | D:1      | Reached XP level 1. HP: 18/18 MP: 1/1
   137 | D:1      | Reached XP level 2. HP: 22/24 MP: 2/2
   523 | D:1      | Reached XP level 3. HP: 29/29 MP: 3/3
   925 | D:2      | Noticed Jessica
   951 | D:2      | Killed Jessica
   951 | D:2      | Reached XP level 4. HP: 36/37 MP: 4/4
   953 | D:2      | Reached skill level 1 in Dodging
  1033 | D:2      | Reached skill level 3 in Axes
  1403 | D:2      | Reached XP level 5. HP: 36/42 MP: 5/5
  2528 | D:4      | Found an iron altar of Okawaru.
  2732 | D:4      | Reached XP level 6. HP: 45/48 MP: 6/6
  2776 | D:4      | Noticed a slave
  2814 | D:4      | Killed a slave
  2919 | D:4      | Found a basalt altar of Yredelemnul.
  2938 | D:4      | Found a sparkling altar of Nemelex Xobeh.
  2942 | D:4      | Found a shimmering altar of Xom.
  2947 | D:4      | Found a glowing silver altar of Zin.
  3177 | D:4      | Found a white marble altar of Elyvilon.
  3240 | D:4      | Became a worshipper of Warmaster Okawaru
  3274 | D:4      | Noticed Pikel
  3274 | D:4      | Noticed a slave
  3274 | D:4      | Noticed a slave
  3276 | D:4      | Noticed a slave
  3324 | D:3      | Killed a slave
  3526 | D:4      | Killed Pikel
  3526 | D:4      | Reached * piety under Okawaru
  3526 | D:4      | Reached ** piety under Okawaru
  3526 | D:4      | Reached skill level 5 in Axes
  3526 | D:4      | Reached skill level 5 in Shields
  3526 | D:4      | Reached XP level 7. HP: 6/55 MP: 7/7
  3941 | D:4      | Found a shadowy altar of Dithmenos.
  3947 | D:4      | Found a shattered altar of Ashenzari.
  4008 | D:5      | Entered Level 5 of the Dungeon
  4073 | D:5      | Reached XP level 8. HP: 41/61 MP: 5/8
  4077 | D:5      | Reached skill level 5 in Fighting
  4077 | D:5      | Reached skill level 5 in Armour
  4371 | D:5      | Found a snail-covered altar of Cheibriados.
  4594 | D:5      | Reached *** piety under Okawaru
  5317 | D:6      | Reached skill level 6 in Axes
  5453 | D:6      | Reached XP level 9. HP: 69/69 MP: 9/9
  6209 | D:7      | Reached skill level 7 in Axes
  6317 | D:7      | Found an ancient bone altar of Kikubaaqudgha.
  6545 | D:7      | Reached **** piety under Okawaru
  6810 | D:7      | Found a staircase to the Ecumenical Temple.
  7223 | D:8      | Found a bloodstained altar of Trog.
  7239 | D:8      | Reached XP level 10. HP: 52/76 MP: 10/10
  7365 | D:8      | Reached skill level 8 in Axes
  7385 | D:8      | Reached skill level 5 in Dodging
  7392 | D:8      | Reached ***** piety under Okawaru
  8122 | D:8      | Noticed a purple ugly thing
  8123 | D:8      | Noticed a cyclops
  8154 | D:8      | Killed a purple ugly thing
  8154 | D:8      | Reached skill level 9 in Axes
  8159 | D:8      | Killed a cyclops
  8412 | D:8      | Reached XP level 11. HP: 71/84 MP: 11/11
  8576 | D:8      | Found a radiant altar of Vehumet.
  8939 | D:9      | Reached skill level 1 in Invocations
  8952 | D:9      | Found an opulent altar of Gozag.
  8988 | D:9      | Found Guset's Book Shoppe.
  9869 | D:10     | Entered Level 10 of the Dungeon
  9892 | D:10     | Received a gift from Okawaru
 10048 | D:10     | Noticed a two-headed ogre
 10055 | D:10     | Killed a two-headed ogre
 10055 | D:10     | Reached skill level 10 in Axes
 10178 | D:10     | Found a staircase to the Lair.
 10183 | D:10     | Found a corrupted altar of Lugonu.
 10185 | D:10     | Noticed a sixfirhy
 10550 | D:10     | Reached ****** piety under Okawaru
 10560 | D:10     | Noticed a soul eater
 11154 | D:10     | Noticed Erolcha
 11169 | D:10     | Killed Erolcha
 11493 | D:10     | You fall through a shaft for 3 floors!
 11493 | D:13     | Noticed a green ugly thing
 11506 | D:13     | Killed a green ugly thing
 11506 | D:13     | Reached XP level 12. HP: 77/93 MP: 6/15
 11512 | D:13     | Received a gift from Okawaru
 11620 | D:12     | Found a labyrinth entrance.
 11630 | Lab      | Entered a labyrinth
 12212 | Lab      | Noticed a minotaur
 12225 | Lab      | Killed a minotaur
 12225 | Lab      | Reached skill level 11 in Axes
 12640 | D:12     | Reached skill level 5 in Invocations
 13085 | D:11     | Found a staircase to the Orcish Mines.
 13094 | D:11     | Received a gift from Okawaru
 13110 | D:11     | Got a smoking executioner's axe {god gift}
 13123 | D:11     | Identified the +7 executioner's axe of Zuawuf {flame, rF+
                  | Int+4} (Okawaru gifted it to you on level 11 of the
                  | Dungeon)
 13437 | D:11     | Reached XP level 13. HP: 90/101 MP: 10/17
 13501 | D:11     | Reached skill level 12 in Axes
 14242 | D:11     | Noticed a catoblepas
 14246 | D:11     | Reached skill level 10 in Fighting
 14272 | D:11     | Killed a catoblepas
 14272 | D:11     | Reached skill level 10 in Armour
 14542 | Lair:1   | Entered Level 1 of the Lair of Beasts
 14877 | Lair:1   | Received a gift from Okawaru
 15174 | Lair:1   | Reached skill level 13 in Axes
 16414 | Lair:2   | Received a gift from Okawaru
 16545 | Lair:2   | Found a staircase to the Swamp.
 17262 | Lair:3   | Reached XP level 14. HP: 109/110 MP: 20/20
 17428 | Lair:3   | Reached skill level 14 in Axes
 17457 | Lair:3   | Found a staircase to the Snake Pit.
 18977 | Lair:4   | Reached skill level 10 in Dodging
 19292 | Lair:4   | Reached skill level 15 in Axes
 19466 | Lair:5   | Found a staircase to the Slime Pits.
 19679 | Lair:5   | Received a gift from Okawaru
 20847 | Lair:6   | Entered Level 6 of the Lair of Beasts
 21201 | Lair:6   | Reached XP level 15. HP: 115/117 MP: 21/21
 22020 | Lair:6   | Reached skill level 16 in Axes
 22099 | Lair:6   | Received a gift from Okawaru
 22232 | Lair:6   | Reached skill level 1 in Crossbows
 22702 | Orc:1    | Entered Level 1 of the Orcish Mines
 22820 | Orc:2    | Entered Level 2 of the Orcish Mines
 23319 | Orc:2    | Found a staircase to the Elven Halls.
 23525 | Orc:2    | Received a gift from Okawaru
 23574 | Orc:2    | Reached XP level 16. HP: 48/127 MP: 22/22
 23599 | Orc:2    | Got a faintly glowing broad axe {god gift}
 23948 | Orc:2    | Identified the +7 broad axe "Qosiq" {chaos, *Rage rPois
                  | rN+} (Okawaru gifted it to you on level 2 of the Orcish
                  | Mines)
 23964 | Orc:2    | Found Orchonk's Antique Weapon Shoppe.
 23966 | Orc:2    | Found Son Tikecve's General Store.
 23966 | Orc:2    | Found Geniol's Food Shoppe.
 23966 | Orc:2    | Found Sedots's General Store.
 23976 | Orc:2    | Bought a +2 shield of positive energy for 314 gold pieces
 24309 | Orc:1    | Noticed Sonja
 24314 | Orc:1    | Killed Sonja
 24716 | D:11     | Identified a scroll of acquirement
 25026 | Swamp:1  | Entered Level 1 of the Swamp
 25481 | D:13     | Reached skill level 17 in Axes
 25487 | D:13     | Received a gift from Okawaru
 25965 | D:13     | Found a gate to the Vaults.
 26443 | D:14     | Found a flickering gateway to a bazaar.
 26456 | Bazaar   | Entered a bazaar
 26712 | Bazaar   | Found Rimn's Food Boutique.
 26726 | Bazaar   | Found Lymag's Distillery.
 26740 | Bazaar   | Found Xeexzol's Food Boutique.
 26754 | Bazaar   | Found Apytujea's Food Shop.
 26768 | Bazaar   | Found Neoseosm's Food Boutique.
 26880 | Bazaar   | Bought a potion of flight for 33 gold pieces
 26880 | Bazaar   | Bought a potion of heal wounds for 55 gold pieces
 26880 | Bazaar   | Bought a potion of cancellation for 88 gold pieces
 26880 | Bazaar   | Bought a potion of heal wounds for 55 gold pieces
 26880 | Bazaar   | Bought 2 potions of curing for 66 gold pieces
 26880 | Bazaar   | Bought 2 potions of curing for 66 gold pieces
 26880 | Bazaar   | Bought a potion of curing for 33 gold pieces
 26880 | Bazaar   | Bought a potion of brilliance for 44 gold pieces
 26880 | Bazaar   | Bought 2 potions of brilliance for 88 gold pieces
 26880 | Bazaar   | Bought a potion of brilliance for 44 gold pieces
 26880 | Bazaar   | Bought a potion of curing for 33 gold pieces
 27386 | D:14     | Reached skill level 5 in Crossbows
 27659 | D:14     | Found a roughly hewn altar of Beogh.
 28978 | D:15     | Entered Level 15 of the Dungeon
 29197 | D:15     | Received a gift from Okawaru
 29313 | D:15     | Found a frozen archway.
 29330 | D:15     | Reached XP level 17. HP: 118/135 MP: 23/23
 29359 | IceCv    | Entered an ice cave
 29883 | IceCv    | Got a steaming halberd
 29989 | IceCv    | Reached skill level 18 in Axes
 30455 | D:15     | Found a staircase to the Depths.
 30570 | D:15     | Identified the +5 halberd of Light {flame, rC+ SInv} (You
                  | found it in an ice cave)
 30593 | D:15     | Learned a level 2 spell: Slow
 30597 | D:15     | Learned a level 3 spell: Portal Projectile
 30601 | D:15     | Learned a level 3 spell: Tukima's Dance
 30790 | D:9      | Bought a book of the Earth for 1105 gold pieces
 30796 | D:9      | Learned a level 5 spell: Bolt of Magma
 30801 | D:9      | Identified the +2 robe of Ynacureh {-Cast rElec rPois} (You
                  | took it off an orc on level 9 of the Dungeon)
 31157 | Swamp:1  | Reached skill level 1 in Hexes
 31247 | Swamp:1  | Reached skill level 1 in Spellcasting
 31280 | Swamp:1  | Found a glowing golden altar of the Shining One.
 32004 | Swamp:1  | Received a gift from Okawaru
 32014 | Swamp:1  | Identified the +0 executioner's axe "Eprecsao" {protect,
                  | Str+2 Dex+2} (Okawaru gifted it to you on level 1 of the
                  | Swamp)
 32758 | Swamp:2  | Reached skill level 1 in Translocations
 32948 | Swamp:2  | Found a transporter.
 32948 | Swamp:2  | Noticed nightchill's ghost (journeyman GrEE)
 32968 | Swamp:2  | Found a transporter.
 33196 | Swamp:2  | HP: 4/137 [alligator (5)]
 34012 | Swamp:3  | Received a gift from Okawaru
 34429 | Swamp:3  | Received a gift from Okawaru
 34448 | Swamp:3  | Noticed Roxanne
 34582 | Swamp:3  | Reached XP level 18. HP: 126/143 MP: 24/24
 35392 | Swamp:4  | Entered Level 4 of the Swamp
 35393 | Swamp:4  | Noticed a tentacled monstrosity
 35409 | Swamp:3  | Killed a tentacled monstrosity
 35550 | Swamp:4  | Noticed the 27-headed Lernaean hydra
 35567 | Swamp:4  | HP: 7/144 [the 27-headed Lernaean hydra (8)]
 35567 | Swamp:4  | Slain by the 27-headed Lernaean hydra

Skill      XL: |  1  2  3  4  5  6  7  8  9 10 11 12 13 14 15 16 17 18 |
---------------+-------------------------------------------------------+-----
Shields        | 4 5 6 7 8 9 |  9.0
Dodging        | 1 2 3 4 5 6 7 9 10 | 10.3
Axes           | 3 5 6 7 9 10 11 13 15 16 17 18 | 18.7
Fighting       | 4 5 6 7 8 9 10 11 12 13 | 13.6
Armour         | 4 5 6 7 8 9 10 11 12 13 | 13.6
Invocations    | 4 6 8 9 |  9.0
Crossbows      | 3 5 7 |  7.8
Hexes          | 3 4 |  4.7
Spellcasting   | 3 |  3.8
Translocations | 2 |  2.9

Action                   |  1- 3 |  4- 6 |  7- 9 | 10-12 | 13-15 | 16-18 || total
-------------------------+-------+-------+-------+-------+-------+-------++-------
Melee: War axe           |    81 |   204 |   193 |       |       |       ||   478
       Battleaxe         |       |       |   177 |   568 |       |       ||   745
       Executioner's axe |       |       |       |    38 |   701 |   944 ||  1683
 Fire: Arbalest          |       |       |       |       |       |     3 ||     3
 Cast: Slow              |       |       |       |       |       |     1 ||     1
Invok: Heroism           |       |       |     3 |    10 |    14 |    17 ||    44
       Finesse           |       |       |       |     2 |     4 |     9 ||    15
  Use: Potion            |       |     6 |       |     1 |     4 |    13 ||    24
       Scroll            |       |     5 |     1 |    18 |       |    17 ||    41
  Eat: Chunk             |       |     5 |     6 |    13 |    22 |    25 ||    71
       Ration            |       |     1 |     3 |     4 |     3 |     4 ||    15
Armor: Scale mail        |    31 |    98 |    99 |    86 |   191 |    86 ||   591
       Plate armour      |       |       |       |   115 |       |       ||   115
       Crystal plate arm |       |       |       |       |       |    25 ||    25
       Ice dragon scales |       |       |       |       |       |   251 ||   251
Dodge: Dodged            |    35 |    74 |   103 |   183 |   352 |   396 ||  1143
Block: Shield            |    55 |   113 |   215 |   532 |   671 |   957 ||  2543
       Reflection        |       |       |       |    14 |     5 |    44 ||    63
